 Dungeon Crawl Stone Soup version 0.19-a0-1553-g64c24c3 (webtiles) character file.

1 snetch the Skirmisher (level 1, -3/19 HPs)
             Began as a Draconian Wanderer on Sept 15, 2016.
             Was a Follower of Okawaru.
             Slain by a hobgoblin
             ... wielding a +0 club
              (4 damage)
             ... on level 1 of the Dungeon.
             The game lasted 00:01:16 (68 turns).

snetch the Skirmisher (Draconian Wanderer)            Turns: 68, Time: 00:01:16

Health: -3/19      AC:  4    Str: 13    XL:     1   Next: 16%
Magic:  0/2        EV: 11    Int: 12    God:    Okawaru [*.....]
Gold:   20         SH:  0    Dex: 11    Spells: 1 memorised, 1 level left

rFire  . . .     SeeInvis .     b - +0 shortbow
rCold  . . .     Gourm    .     (armour unavailable)
rNeg   . . .     Faith    .     (shield currently unavailable)
rPois  .         Spirit   .     (helmet restricted)
rElec  .         Dismiss  .     (no cloak)
rCorr  .         Reflect  .     (no gloves)
MR     .....     Harm     .     (no boots)
Stlth  ++........               (no amulet)
                                (no ring)
                                (no ring)

@: no status effects
A: unfitting armour, cold-blooded, AC +4
a: Heroism, Renounce Religion


You were on level 1 of the Dungeon.
You worshipped Okawaru.
Okawaru was aware of your devotion.
You were not hungry.

You visited 1 branch of the dungeon, and saw 2 of its levels.

You collected 20 gold pieces.

Inventory:

Hand Weapons
 a - a +0 dagger
 b - a +0 shortbow (weapon)
Missiles
 c - 15 arrows (quivered)
Scrolls
 d - a scroll of teleportation
Books
 e - a book of Conjurations

   Spells                             Type                      Level
   a - Magic Dart                     Conjuration                  1
   b - Searing Ray                    Conjuration                  2
   c - Dazzling Spray                 Conjuration/Hexes            3
   d - Fulminant Prism                Conjuration/Hexes            4
   e - Iskenderun's Mystic Blast      Conjuration                  4
   f - Iskenderun's Battlesphere      Conjuration/Charms           5
Comestibles
 f - a bread ration


   Skills:
 + Level 3.3 Fighting
 + Level 1.7 Bows
 * Level 0.1 Dodging
 + Level 1.7 Stealth
 + Level 1.0 Spellcasting
 + Level 1.0 Conjurations
   Level 1.0 Earth Magic


You had one spell level left.
You knew the following spells:

 Your Spells              Type           Power        Failure   Level  Hunger
a - Magic Dart            Conj           #...         21%         1    ##.....


Dungeon Overview and Level Annotations

Branches:
Dungeon (2/15)

Altars:
Okawaru


Innate Abilities, Weirdness & Mutations

Your plain brown scales are hard. (AC +4)
Your body does not fit into most forms of armour.
You are cold-blooded and may be slowed by cold attacks.


Message History

Press: ? - help, Shift-Dir - straight line, f/p - goblin
Aim: a goblin, wielding a club (severely wounded)
You shoot an arrow.
The arrow hits the goblin but does no damage.
The goblin is severely wounded.
The hobgoblin hits you but does no damage.
The goblin misses you.
Firing (i - inventory):
c - 17 arrows (quivered)
Press: ? - help, Shift-Dir - straight line, f/p - goblin
Aim: a goblin, wielding a club (severely wounded)
You shoot an arrow. The arrow closely misses the goblin.
The hobgoblin hits you with a club.
* * * LOW HITPOINT WARNING * * *
The goblin misses you.
Firing (i - inventory):
c - 16 arrows (quivered)
Press: ? - help, Shift-Dir - straight line, f/p - goblin
Aim: a goblin, wielding a club (severely wounded)
You shoot an arrow. The arrow closely misses the goblin.
The hobgoblin hits you with a club.
You die...

♣<♣.....♣.P....≈≈≈#
♣♣♣♣..........≈≈≈≈#
♣.P.P♣......≈≈≈#
######♣.....≈≈≈#
#.#P....≈≈≈≈#
..#.......≈≈#
####.#P.....≈≈≈#
..#g#♣....≈≈≈≈#
#######.#@#♣....≈≈≈≈#
......#.#g#......≈≈≈#
.......>#.##.....≈≈≈#
#......g#.##P...≈≈≈≈#
##(####.#.'.....≈≈≈≈#
(( #....'......≈≈≈#
####('...♣..≈≈≈#
####.....≈≈≈#
#....≈≈≈≈#


You could see a hobgoblin and a goblin.

Vanquished Creatures
  A kobold (D:1)
1 creature vanquished.

Notes
Turn   | Place    | Note
-------+----------+-------------------------------------------
     0 | D:1      | snetch the Draconian Wanderer began the quest for the Orb.
     0 | D:1      | snetch set off with: a book of Conjurations, a +0 shortbow, 25 arrows, a scroll of teleportation, a +0 dagger, a bread ration
     0 | D:1      | Reached XP level 1. HP: 19/19 MP: 2/2
     2 | D:1      | Learned a level 1 spell: Magic Dart
    37 | D:2      | Found a faded altar of an unknown god.
    41 | D:2      | Became a worshipper of Warmaster Okawaru
    41 | D:2      | Reached * piety under Okawaru
    68 | D:1      | Slain by a hobgoblin

Vault maps used:
D:1:      kennysheep_arrival_seaside, serial_bayou_pond_d, roderic_lattice_a,
          minmay_split_cup_large
D:2:      ecumenical_altar_1, bh_walls_and_bars

Action                   || total
-------------------------++-------
 Fire: Shortbow          ||    10
 Cast: Magic Dart        ||     3
Armor: Skin              ||     1
Dodge: Dodged            ||     4
